Sharks vs Blue Jackets

Created - 13 janvier 2013 at 22:35

Goals
1 2 3 OT1 SO T
Sharks 1 0 2 0 3 4
Blue Jackets 0 0 3 0 2 3
Shots
1 2 3 OT1 SO T
Sharks 6 10 10 2 6 28
Blue Jackets 7 12 10 0 6 29

1st period

1. Sharks , Mikko Koivu 7 (Milan Hejduk, Adam Mair) at 11:42

Penalties :
Andrei Markov (SJS) for Hooking (Minor) at 4:40, Andrei Markov (SJS) for Holding Stick (Minor) at 12:11

2nd period

No Goal

Penalties :
Andrei Markov (SJS) for Holding (Minor) at 4:02, Kristian Huselius (Clb) for High sticking (Minor) at 8:52, Radim Vrbata (SJS) for Holding (Minor) at 11:15, Daniel Sedin (SJS) for High sticking (Minor) at 19:15

3rd period

2. Blue Jackets , Vincent Lecavalier 17 (Glen Murray) at 2:33
3. Sharks , Daniel Sedin 13 (Joni Pitkanen, Henrik Sedin) at 8:55
4. Blue Jackets , Vincent Lecavalier 18 (Glen Murray) at 16:41
5. Blue Jackets , David Booth 9 (Vincent Lecavalier) at 16:56 (PP)
6. Sharks , Mike Komisarek 3 (Mikko Koivu, Andrei Markov) at 19:21 (PP)

Penalties :
Derek Morris (Clb) for Hooking (Minor) at 8:41, Brad Ference (SJS) for Hooking (Minor) at 8:41, Georges Laraque (SJS) for Holding Stick (Minor) at 10:02, Mike Fisher (SJS) for Slashing (Minor) at 16:44, Glen Murray (Clb) for Tripping (Minor) at 18:51

Overtime #1

No Goal

Penalties :
No Penalty

Shootout

Penalty Shot by Henrik Sedin for Sharks - Goal!
Penalty Shot by Vincent Lecavalier for Blue Jackets - Goal!
Penalty Shot by Daniel Sedin for Sharks - Stopped by Jaroslav Halak
Penalty Shot by Glen Murray for Blue Jackets - Stopped by Pascal Leclaire
Penalty Shot by Georges Laraque for Sharks - Goal!
Penalty Shot by David Booth for Blue Jackets - Goal!
Penalty Shot by Milan Hejduk for Sharks - Stopped by Jaroslav Halak
Penalty Shot by Daymond Langkow for Blue Jackets - Shot Misses the Net
Penalty Shot by Mikko Koivu for Sharks - Shot Hit the Post
Penalty Shot by Michael Frolik for Blue Jackets - Stopped by Pascal Leclaire
Penalty Shot by Ryan Malone for Sharks - Goal!
Penalty Shot by Kristian Huselius for Blue Jackets - Stopped by Pascal Leclaire

Penalties :
No Penalty

Goalie Stats

Pascal Leclaire (SJS), 26 saves from 29 shots - (0,897), W, 9-6-2, 64:40 minutes
Jaroslav Halak (Clb), 25 saves from 28 shots - (0,893), OTL, 9-3-3, 65:00 minutes

Players Stats for Sharks

Player Name              G  A  P  +/- PIM S  H  SB GA TA FO     MP     PP MP  PK MP  
------------------------------------------------------------------------------------
Adam Mair                0  1  1   0  0   3  0  0  1  0  3/3    10:23   0:00   0:35 
Andrei Markov            0  1  1   1  6   3  1  0  0  2  0/0    27:17   1:42   3:32 
Bates Battaglia          0  0  0   0  0   3  1  0  1  1  0/0    13:19   0:00   3:04 
Brad Ference             0  0  0  -1  2   0  1  1  0  1  0/0    15:05   0:00   3:02 
Dan Girardi              0  0  0   0  0   0  1  0  0  0  0/0    21:14   0:47   4:31 
Daniel Sedin             1  0  1   1  2   4  2  0  0  0  1/2    21:36   1:29   5:26 
David Hale               0  0  0  -2  0   0  1  0  0  0  0/0    12:29   0:00   0:01 
Georges Laraque          0  0  0   0  2   0  1  1  0  1  0/0    17:21   1:29   2:46 
Henrik Sedin             0  1  1   1  0   2  2  0  0  0  13/32  23:14   1:29   7:08 
Joni Pitkanen            0  1  1   2  0   1  0  2  2  0  0/0    30:42   1:42   7:46 
Mike Fisher              0  0  0  -1  2   1  3  0  0  0  3/5    11:44   0:00   0:27 
Mike Johnson             0  0  0   0  0   0  0  0  0  0  0/0     9:19   0:00   0:00 
Mike Komisarek           1  0  1   0  0   2  0  0  0  1  0/0    21:28   0:47   4:37 
Mikko Koivu              1  1  2   0  0   3  1  1  1  0  5/9    13:52   1:00   0:21 
Milan Hejduk             0  1  1   0  0   3  4  0  2  0  1/1    18:42   1:00   2:54 
Radim Vrbata             0  0  0  -1  2   1  0  0  0  0  0/0    12:11   0:00   0:00 
Ryan Malone              0  0  0   0  0   2  0  0  0  0  1/1    14:50   1:00   0:45 
Tomas Fleischmann        0  0  0  -1  0   0  1  0  0  0  0/0    11:01   0:00   0:51 

Players Stats for Blue Jackets

Player Name              G  A  P  +/- PIM S  H  SB GA TA FO     MP     PP MP  PK MP  
------------------------------------------------------------------------------------
Ales Kotalik             0  0  0   0  0   1  1  1  0  0  0/0    15:38   5:02   0:00 
Brad Stuart              0  0  0   1  0   0  2  0  0  0  0/0    21:01   5:11   0:37 
Christian Hanson         0  0  0   0  0   0  0  0  0  0  1/4     9:08   0:41   0:06 
David Booth              1  0  1   1  0   4  1  3  0  1  1/1    22:33   4:40   0:46 
Daymond Langkow          0  0  0   0  0   3  2  0  0  0  6/13   17:46   5:02   0:23 
Derek Morris             0  0  0  -1  2   1  2  2  0  1  0/0    27:42   6:17   1:52 
Drew Fata                0  0  0   1  0   2  2  2  0  1  0/0    21:01   5:11   0:37 
Glen Murray              0  2  2   0  2   2  4  1  0  0  0/0    24:34   4:40   1:15 
Greg Campbell            0  0  0   0  0   1  0  0  1  0  1/5    12:50   1:08   0:00 
Jason Ward               0  0  0   0  0   2  1  0  0  1  0/0     9:18   1:32   0:00 
Justin Williams          0  0  0   0  0   1  1  0  0  0  1/1    10:50   0:14   0:00 
Kevin Bieksa             0  0  0  -2  0   2  1  2  1  1  0/0    29:04   6:17   1:52 
Kristian Huselius        0  0  0   0  2   4  1  1  1  0  1/1    15:47   5:02   0:00 
Michael Frolik           0  0  0   0  0   1  1  1  0  0  0/0    11:53   1:19   0:00 
Nick Boynton             0  0  0   0  0   0  0  1  0  0  0/0    16:16   0:00   0:00 
Sergei Brylin            0  0  0   0  0   0  0  0  0  1  0/0    10:01   0:14   0:43 
Shaone Morrisonn         0  0  0   1  0   1  1  0  0  1  0/0    14:55   0:00   0:00 
Vincent Lecavalier       2  1  3   0  0   4  2  0  3  0  15/28  25:12   4:50   1:45 

3 Stars

1 - Vincent Lecavalier (Clb)
2 - Mikko Koivu (SJS)
3 - David Booth (Clb)

Power Play

Sharks - 1 on 2 Attempt(s) - 50,00%
Blue Jackets - 1 on 7 Attempt(s) - 14,29%

Penalty Kill

Sharks - 6 on 7 Attempt(s) - 85,71% - Score 0 goal in Penalty Kill
Blue Jackets - 1 on 2 Attempt(s) - 50,00% - Score 0 goal in Penalty Kill

Official

Referees : Kowal Tom and Dwyer Gord
Linesman : Brad Kovachik and Vaughan Rody

Game Notes

No Game Note

Finance

Level 1 -- Attendance: 6000 (100,00%) -- Ticket Income 540 000 $
Level 2 -- Attendance: 4354 (87,08%) -- Ticket Income 239 470 $
Level 3 -- Attendance: 2000 (100,00%) -- Ticket Income 60 000 $
Level 4 -- Attendance: 3669 (91,73%) -- Ticket Income 73 380 $
Luxury Box -- Attendance: 1000 (100,00%) -- Ticket Income 185 000 $
Game was played at the Ohio State Arena
Total Attendance: 17023 (94,57%)
Total Ticket Income: 1 097 850 $
Total Income: 1 097 850 $

Sharks

5 vs 5 Forward 
   Center                   Left Wing                Right Wing               Time % Phy DF OF 
 1 Henrik Sedin             Daniel Sedin             Georges Laraque          40     1   2  2  
 2 Mikko Koivu              Ryan Malone              Milan Hejduk             30     1   2  2  
 3 Mike Fisher              Tomas Fleischmann        Radim Vrbata             20     1   2  2  
 4 Adam Mair                Bates Battaglia          Mike Johnson             10     1   2  2  

5 vs 5 Defense 
   Defense                  Defense                                           Time % Phy DF OF 
 1 Joni Pitkanen            Andrei Markov                                     40     1   2  2  
 2 Mike Komisarek           Dan Girardi                                       30     1   2  2  
 3 David Hale               Brad Ference                                      20     1   2  2  
 4 Joni Pitkanen            Andrei Markov                                     10     1   2  2  

PowerPlay Forward 
   Center                   Left Wing                Right Wing               Time % Phy DF OF 
 1 Henrik Sedin             Daniel Sedin             Georges Laraque          60     1   2  2  
 2 Mikko Koivu              Ryan Malone              Milan Hejduk             40     1   2  2  

PowerPlay Defense
   Defense                  Defense                                           Time % Phy DF OF 
 1 Joni Pitkanen            Andrei Markov                                     60     1   2  2  
 2 Mike Komisarek           Dan Girardi                                       40     1   2  2  

Penalty Kill 4 Players Forward 
   Center                   Wing                     Time % Phy DF OF 
 1 Henrik Sedin             Daniel Sedin             60     1   2  2  
 2 Georges Laraque          Milan Hejduk             40     1   2  2  

Penalty Kill 4 Players Defense
   Defense                  Defense                  Time % Phy DF OF 
 1 Joni Pitkanen            Andrei Markov            60     1   2  2  
 2 Mike Komisarek           Dan Girardi              40     1   2  2  

Penalty Kill - 3 Players Forward 
   Forward                                           Time % Phy DF OF 
 1 Henrik Sedin                                      60     1   2  2  
 2 Daniel Sedin                                      40     1   2  2  

Penalty Kill - 3 Players Defense
   Defense                  Defense                  Time % Phy DF OF 
 1 Joni Pitkanen            Andrei Markov            60     1   2  2  
 2 Mike Komisarek           Dan Girardi              40     1   2  2  

4 vs 4 Forward 
   Center                   Wing                     Time % Phy DF OF 
 1 Henrik Sedin             Daniel Sedin             60     1   2  2  
 2 Georges Laraque          Milan Hejduk             40     1   2  2  

4 vs 4 Defense
   Defense                  Defense                  Time % Phy DF OF 
 1 Joni Pitkanen            Andrei Markov            60     1   2  2  
 2 Mike Komisarek           Dan Girardi              40     1   2  2  

Last Minutes Offensive
   Center                   Left Wing                Right Wing               Defense                  Defense                  
   Henrik Sedin             Daniel Sedin             Georges Laraque          Joni Pitkanen            Andrei Markov            

Last Minutes Defensive
   Center                   Left Wing                Right Wing               Defense                  Defense                  
   Henrik Sedin             Daniel Sedin             Georges Laraque          Joni Pitkanen            Andrei Markov            

Goaltenders
Starting : Pascal Leclaire          
Backup : Martin Biron             

Extra Forwards
Normal : Mike Fisher, Radim Vrbata, Bates Battaglia - PP : Mike Fisher, Radim Vrbata - PK : Bates Battaglia
Extra Defensemen
Normal : David Hale, Brad Ference, Mike Komisarek - PP : David Hale - PK : Brad Ference, Mike Komisarek
Penalty Shots
Henrik Sedin, Daniel Sedin, Georges Laraque, Milan Hejduk, Mikko Koivu

Blue Jackets

5 vs 5 Forward 
   Center                   Left Wing                Right Wing               Time % Phy DF OF 
 1 Vincent Lecavalier       David Booth              Glen Murray              41     1   2  2  
 2 Daymond Langkow          Kristian Huselius        Ales Kotalik             30     1   2  2  
 3 Greg Campbell            Michael Frolik           Justin Williams          20     1   2  2  
 4 Christian Hanson         Sergei Brylin            Jason Ward               9      1   2  2  

5 vs 5 Defense 
   Defense                  Defense                                           Time % Phy DF OF 
 1 Derek Morris             Kevin Bieksa                                      40     1   2  2  
 2 Brad Stuart              Drew Fata                                         30     1   2  2  
 3 Nick Boynton             Shaone Morrisonn                                  20     1   2  2  
 4 Kevin Bieksa             Derek Morris                                      10     1   2  2  

PowerPlay Forward 
   Center                   Left Wing                Right Wing               Time % Phy DF OF 
 1 Vincent Lecavalier       David Booth              Glen Murray              60     1   2  2  
 2 Daymond Langkow          Kristian Huselius        Ales Kotalik             40     1   2  2  

PowerPlay Defense
   Defense                  Defense                                           Time % Phy DF OF 
 1 Derek Morris             Kevin Bieksa                                      60     1   2  2  
 2 Brad Stuart              Drew Fata                                         40     1   2  2  

Penalty Kill 4 Players Forward 
   Center                   Wing                     Time % Phy DF OF 
 1 Vincent Lecavalier       Glen Murray              60     1   2  2  
 2 Daymond Langkow          David Booth              40     1   2  2  

Penalty Kill 4 Players Defense
   Defense                  Defense                  Time % Phy DF OF 
 1 Derek Morris             Kevin Bieksa             60     1   2  2  
 2 Brad Stuart              Drew Fata                40     1   2  2  

Penalty Kill - 3 Players Forward 
   Forward                                           Time % Phy DF OF 
 1 Vincent Lecavalier                                60     1   2  2  
 2 Glen Murray                                       40     1   2  2  

Penalty Kill - 3 Players Defense
   Defense                  Defense                  Time % Phy DF OF 
 1 Derek Morris             Kevin Bieksa             60     1   2  2  
 2 Brad Stuart              Drew Fata                40     1   2  2  

4 vs 4 Forward 
   Center                   Wing                     Time % Phy DF OF 
 1 Vincent Lecavalier       Glen Murray              60     1   2  2  
 2 Daymond Langkow          David Booth              40     1   2  2  

4 vs 4 Defense
   Defense                  Defense                  Time % Phy DF OF 
 1 Derek Morris             Kevin Bieksa             60     1   2  2  
 2 Brad Stuart              Drew Fata                40     1   2  2  

Last Minutes Offensive
   Center                   Left Wing                Right Wing               Defense                  Defense                  
   Vincent Lecavalier       David Booth              Glen Murray              Derek Morris             Kevin Bieksa             

Last Minutes Defensive
   Center                   Left Wing                Right Wing               Defense                  Defense                  
   Vincent Lecavalier       David Booth              Glen Murray              Derek Morris             Kevin Bieksa             

Goaltenders
Starting : Jaroslav Halak           
Backup : Brent Johnson            

Extra Forwards
Normal : Daymond Langkow, Greg Campbell, Sergei Brylin - PP : Vincent Lecavalier, Greg Campbell - PK : Sergei Brylin
Extra Defensemen
Normal : Nick Boynton, Kevin Bieksa, Derek Morris - PP : Nick Boynton - PK : Kevin Bieksa, Derek Morris
Penalty Shots
Vincent Lecavalier, Glen Murray, David Booth, Daymond Langkow, Michael Frolik

% Time on Ice - Sharks

Lines # - Real PCT - Wanted PCT - Time Play
Normal Forward
1 - 26% - 40% - 11:37
2 - 32% - 30% - 13:54
3 - 22% - 20% - 9:42
4 - 20% - 10% - 8:48
Normal Defense
1 - 42% - 40% - 18:22
2 - 32% - 30% - 14:15
3 - 24% - 20% - 10:41
4 - 2% - 10% - 0:43
PP Forward
1 - 60% - 60% - 1:29
2 - 40% - 40% - 1:00
PP Defense
1 - 68% - 60% - 1:42
2 - 32% - 40% - 0:47
PK Forward
1 - 73% - 60% - 8:25
2 - 27% - 40% - 3:03
PK Defense
1 - 69% - 60% - 7:56
2 - 31% - 40% - 3:32
PK3 Forward
1 - 87% - 60% - 0:33
2 - 13% - 40% - 0:05
PK3 Defense
1 - 68% - 60% - 0:26
2 - 32% - 40% - 0:12
44 Forward
1 - 77% - 60% - 4:53
2 - 23% - 40% - 1:28
44 Defense
1 - 55% - 60% - 3:28
2 - 45% - 40% - 2:53
Last Minute Offensive  - 0:03
Last Minute Defensive  - 0:00
Total
Forward - 65:00
Defense - 65:00

% Time on Ice - Blue Jackets

Lines # - Real PCT - Wanted PCT - Time Play
Normal Forward
1 - 34% - 41% - 15:02
2 - 24% - 30% - 10:30
3 - 24% - 20% - 10:34
4 - 18% - 9% - 7:52
Normal Defense
1 - 39% - 40% - 16:57
2 - 29% - 30% - 12:34
3 - 32% - 20% - 14:14
4 - 0% - 10% - 0:13
PP Forward
1 - 49% - 60% - 5:37
2 - 51% - 40% - 5:51
PP Defense
1 - 55% - 60% - 6:17
2 - 45% - 40% - 5:11
PK Forward
1 - 85% - 60% - 2:06
2 - 15% - 40% - 0:23
PK Defense
1 - 75% - 60% - 1:52
2 - 25% - 40% - 0:37
PK3 Forward
1 - 0% - 60%
2 - 0% - 40%
PK3 Defense
1 - 0% - 60%
2 - 0% - 40%
44 Forward
1 - 86% - 60% - 6:02
2 - 14% - 40% - 0:57
44 Defense
1 - 63% - 60% - 4:26
2 - 37% - 40% - 2:33
Last Minute Offensive  - 0:00
Last Minute Defensive  - 0:06
Total
Forward - 65:00
Defense - 65:00

Play by Play

1st period


0:01 of 1st period - Vincent Lecavalier wins face-off versus Henrik Sedin in neutral zone.
1:14 of 1st period - Slapshot by Kevin Bieksa.
1:14 of 1st period - Stopped by Pascal Leclaire with a rebound.
1:48 of 1st period - Wrist shot by Bates Battaglia.
1:48 of 1st period - Shot Misses the Net.
2:06 of 1st period - Snap shot by Bates Battaglia.
2:06 of 1st period - Shot Misses the Net.
2:08 of 1st period - Slapshot by Brad Ference.
2:08 of 1st period - Shot Blocked by Drew Fata.
2:10 of 1st period - Slapshot by Brad Ference.
2:10 of 1st period - Shot Misses the Net.
2:50 of 1st period - Snap shot by Vincent Lecavalier.
2:50 of 1st period - Stopped by Pascal Leclaire with a rebound.
3:41 of 1st period - Icing by David Hale.
3:42 of 1st period - Adam Mair wins face-off versus Daymond Langkow in Sharks zone.
4:27 of 1st period - Wrist shot by Bates Battaglia.
4:27 of 1st period - Stopped by Jaroslav Halak without a rebound.
4:28 of 1st period - Henrik Sedin wins face-off versus Greg Campbell in Blue Jackets zone.
4:29 of 1st period - Slapshot by Joni Pitkanen.
4:29 of 1st period - Shot Misses the Net.
4:40 of 1st period - Minor Penalty to Andrei Markov for Hooking.
4:41 of 1st period - Daymond Langkow wins face-off versus Henrik Sedin in Sharks zone.
4:42 of 1st period - Snap shot by Ales Kotalik.
4:42 of 1st period - Shot Misses the Net.
6:13 of 1st period - Mike Fisher is hit by Jason Ward and loses puck.
6:40 of 1st period - Penalty to Andrei Markov is over, Andrei Markov is back on ice.
6:54 of 1st period - Drew Fata is hit by Mike Fisher and loses puck.
8:53 of 1st period - Daniel Sedin is hit by Daymond Langkow and loses puck.
9:18 of 1st period - Mike Komisarek is hit by Glen Murray and loses puck.
11:00 of 1st period - Andrei Markov is hit by Glen Murray and loses puck.
11:09 of 1st period - Derek Morris is hit by David Hale and loses puck.
11:25 of 1st period - Kevin Bieksa is hit by Milan Hejduk and loses puck.
11:30 of 1st period - Slapshot by Mikko Koivu.
11:30 of 1st period - Shot Misses the Net.
11:34 of 1st period - Snap shot by Mikko Koivu.
11:34 of 1st period - Shot Misses the Net.
11:36 of 1st period - Slapshot by Adam Mair.
11:36 of 1st period - Stopped by Jaroslav Halak with a rebound.
11:40 of 1st period - Wrist shot by Milan Hejduk.
11:40 of 1st period - Stopped by Jaroslav Halak with a rebound.
11:42 of 1st period - Snap shot by Mikko Koivu.
11:42 of 1st period - Goal by Mikko Koivu - Sharks : 1 - Blue Jackets : 0.
11:43 of 1st period - Daymond Langkow wins face-off versus Henrik Sedin in neutral zone.
11:55 of 1st period - Snap shot by Daymond Langkow.
11:55 of 1st period - Shot Misses the Net.
12:11 of 1st period - Minor Penalty to Andrei Markov for Holding Stick.
12:12 of 1st period - Vincent Lecavalier wins face-off versus Henrik Sedin in Sharks zone.
12:13 of 1st period - Wrist shot by David Booth.
12:13 of 1st period - Stopped by Pascal Leclaire without a rebound.
12:14 of 1st period - Henrik Sedin wins face-off versus Vincent Lecavalier in Sharks zone.
12:27 of 1st period - Wrist shot by David Booth.
12:27 of 1st period - Stopped by Pascal Leclaire without a rebound.
12:28 of 1st period - Vincent Lecavalier wins face-off versus Henrik Sedin in Sharks zone.
12:57 of 1st period - Snap shot by Kristian Huselius.
12:57 of 1st period - Stopped by Pascal Leclaire with a rebound.
12:59 of 1st period - Slapshot by Kristian Huselius.
12:59 of 1st period - Stopped by Pascal Leclaire without a rebound.
13:00 of 1st period - Henrik Sedin wins face-off versus Daymond Langkow in Sharks zone.
13:00 of 1st period - Henrik Sedin is hit by Daymond Langkow.
13:06 of 1st period - Slapshot by Daniel Sedin.
13:06 of 1st period - Shot Misses the Net.
13:08 of 1st period - Wrist shot by Mike Komisarek.
13:08 of 1st period - Shot Misses the Net.
13:10 of 1st period - Snap shot by Henrik Sedin.
13:10 of 1st period - Shot Blocked by Ales Kotalik.
13:12 of 1st period - Wrist shot by Daniel Sedin.
13:12 of 1st period - Shot Blocked by Kristian Huselius.
13:14 of 1st period - Backhand shot by Dan Girardi.
13:14 of 1st period - Shot Misses the Net.
13:26 of 1st period - Milan Hejduk is hit by Brad Stuart and loses puck.
14:11 of 1st period - Penalty to Andrei Markov is over, Andrei Markov is back on ice.
14:26 of 1st period - Shaone Morrisonn is hit by Bates Battaglia and loses puck.
15:51 of 1st period - Wrist shot by Michael Frolik.
15:51 of 1st period - Shot Misses the Net.
17:14 of 1st period - Off-side.
17:15 of 1st period - Mikko Koivu wins face-off versus Christian Hanson in neutral zone.
17:20 of 1st period - Icing by Derek Morris.
17:21 of 1st period - Christian Hanson wins face-off versus Henrik Sedin in Blue Jackets zone.
17:31 of 1st period - Slapshot by Kevin Bieksa.
17:31 of 1st period - Shot Misses the Net.
18:46 of 1st period - Snap shot by Bates Battaglia.
18:46 of 1st period - Shot Blocked by Nick Boynton.
18:48 of 1st period - Snap shot by Adam Mair.
18:48 of 1st period - Stopped by Jaroslav Halak with a rebound.
18:50 of 1st period - Snap shot by Andrei Markov.
18:50 of 1st period - Stopped by Jaroslav Halak without a rebound.
18:51 of 1st period - Ryan Malone wins face-off versus Vincent Lecavalier in Blue Jackets zone.
19:04 of 1st period - Wrist shot by Milan Hejduk.
19:04 of 1st period - Shot Blocked by Glen Murray.
19:24 of 1st period - Daniel Sedin is hit by David Booth and loses puck.
19:43 of 1st period - Snap shot by Vincent Lecavalier.
19:43 of 1st period - Shot Misses the Net.
19:45 of 1st period - Slapshot by Shaone Morrisonn.
19:45 of 1st period - Stopped by Pascal Leclaire with a rebound.
19:47 of 1st period - Backhand shot by Glen Murray.
19:47 of 1st period - Shot Blocked by Joni Pitkanen.
19:53 of 1st period - Wrist shot by Vincent Lecavalier.
19:53 of 1st period - Shot Misses the Net.
19:55 of 1st period - Slapshot by Shaone Morrisonn.
19:55 of 1st period - Deflect By Vincent Lecavalier.
19:55 of 1st period - Shot Misses the Net.
19:55 of 1st period - Puck is out of play.
19:56 of 1st period - Kristian Huselius wins face-off versus Mikko Koivu in Sharks zone.
19:57 of 1st period - Wrist shot by Daymond Langkow.
19:57 of 1st period - Shot Misses the Net.

2nd period


0:01 of 2nd period - Henrik Sedin wins face-off versus Daymond Langkow in neutral zone.
0:04 of 2nd period - Wrist shot by Daniel Sedin.
0:04 of 2nd period - Stopped by Jaroslav Halak with a rebound.
0:12 of 2nd period - Slapshot by Daymond Langkow.
0:12 of 2nd period - Shot Blocked by Joni Pitkanen.
0:14 of 2nd period - Slapshot by Derek Morris.
0:14 of 2nd period - Stopped by Pascal Leclaire with a rebound.
0:16 of 2nd period - Snap shot by Kristian Huselius.
0:16 of 2nd period - Stopped by Pascal Leclaire with a rebound.
0:31 of 2nd period - Brad Stuart is hit by Milan Hejduk and loses puck.
0:38 of 2nd period - Milan Hejduk is hit by Drew Fata and loses puck.
1:35 of 2nd period - Snap shot by Adam Mair.
1:35 of 2nd period - Shot Misses the Net.
1:37 of 2nd period - Snap shot by Bates Battaglia.
1:37 of 2nd period - Stopped by Jaroslav Halak with a rebound.
1:54 of 2nd period - Icing by Nick Boynton.
1:55 of 2nd period - Vincent Lecavalier wins face-off versus Mikko Koivu in Blue Jackets zone.
2:00 of 2nd period - Ryan Malone is hit by Vincent Lecavalier and loses puck.
2:09 of 2nd period - Snap shot by Vincent Lecavalier.
2:09 of 2nd period - Shot Misses the Net.
2:19 of 2nd period - Wrist shot by Glen Murray.
2:19 of 2nd period - Stopped by Pascal Leclaire with a rebound.
2:31 of 2nd period - Snap shot by David Booth.
2:31 of 2nd period - Stopped by Pascal Leclaire with a rebound.
3:51 of 2nd period - Wrist shot by Mikko Koivu.
3:51 of 2nd period - Shot Blocked by David Booth.
3:53 of 2nd period - Wrist shot by Mikko Koivu.
3:53 of 2nd period - Deflect By Ryan Malone.
3:53 of 2nd period - Stopped by Jaroslav Halak with a rebound.
3:55 of 2nd period - Snap shot by Dan Girardi.
3:55 of 2nd period - Shot Blocked by David Booth.
3:57 of 2nd period - Slapshot by Dan Girardi.
3:57 of 2nd period - Deflect By Mikko Koivu.
3:57 of 2nd period - Shot Misses the Net.
3:57 of 2nd period - Puck is out of play.
3:58 of 2nd period - Daymond Langkow wins face-off versus Henrik Sedin in Blue Jackets zone.
4:02 of 2nd period - Minor Penalty to Andrei Markov for Holding.
4:03 of 2nd period - Daymond Langkow wins face-off versus Henrik Sedin in Sharks zone.
4:50 of 2nd period - Greg Campbell is hit by Brad Ference and loses puck.
6:02 of 2nd period - Penalty to Andrei Markov is over, Andrei Markov is back on ice.
6:03 of 2nd period - Icing by Tomas Fleischmann.
6:04 of 2nd period - Adam Mair wins face-off versus Christian Hanson in Sharks zone.
6:58 of 2nd period - Wrist shot by Adam Mair.
6:58 of 2nd period - Stopped by Jaroslav Halak without a rebound.
6:59 of 2nd period - Adam Mair wins face-off versus Vincent Lecavalier in Blue Jackets zone.
7:33 of 2nd period - Daymond Langkow is hit by Henrik Sedin and loses puck.
7:48 of 2nd period - Drew Fata is hit by Milan Hejduk and loses puck.
8:11 of 2nd period - Vincent Lecavalier is hit by Mike Fisher.
8:38 of 2nd period - Wrist shot by Henrik Sedin.
8:38 of 2nd period - Shot Blocked by David Booth.
8:48 of 2nd period - Adam Mair is hit by Ales Kotalik and loses puck.
8:52 of 2nd period - Minor Penalty to Kristian Huselius for High sticking.
8:53 of 2nd period - Vincent Lecavalier wins face-off versus Henrik Sedin in Blue Jackets zone.
9:01 of 2nd period - Icing by Henrik Sedin.
9:02 of 2nd period - Vincent Lecavalier wins face-off versus Henrik Sedin in Sharks zone.
9:09 of 2nd period - Slapshot by Vincent Lecavalier.
9:09 of 2nd period - Stopped by Pascal Leclaire with a rebound.
9:31 of 2nd period - Snap shot by Milan Hejduk.
9:31 of 2nd period - Shot Blocked by Derek Morris.
9:33 of 2nd period - Slapshot by Andrei Markov.
9:33 of 2nd period - Stopped by Jaroslav Halak without a rebound.
9:34 of 2nd period - Daniel Sedin wins face-off versus Vincent Lecavalier in Blue Jackets zone.
9:35 of 2nd period - Snap shot by Henrik Sedin.
9:35 of 2nd period - Shot Misses the Net.
9:53 of 2nd period - Wrist shot by Mikko Koivu.
9:53 of 2nd period - Shot Blocked by Drew Fata.
9:55 of 2nd period - Snap shot by Ryan Malone.
9:55 of 2nd period - Stopped by Jaroslav Halak with a rebound.
9:57 of 2nd period - Slapshot by Dan Girardi.
9:57 of 2nd period - Shot Misses the Net.
9:59 of 2nd period - Slapshot by Andrei Markov.
9:59 of 2nd period - Deflect By David Booth.
9:59 of 2nd period - Stopped by Jaroslav Halak with a rebound.
10:17 of 2nd period - Vincent Lecavalier is hit by Daniel Sedin and loses puck.
10:52 of 2nd period - Penalty to Kristian Huselius is over, Kristian Huselius is back on ice.
11:00 of 2nd period - Slapshot by Kevin Bieksa.
11:00 of 2nd period - Deflect By Radim Vrbata.
11:00 of 2nd period - Stopped by Pascal Leclaire with a rebound.
11:02 of 2nd period - Slapshot by Kevin Bieksa.
11:02 of 2nd period - Shot Misses the Net.
11:04 of 2nd period - Snap shot by Michael Frolik.
11:04 of 2nd period - Shot Misses the Net.
11:15 of 2nd period - Minor Penalty to Radim Vrbata for Holding.
11:16 of 2nd period - Henrik Sedin wins face-off versus Vincent Lecavalier in Sharks zone.
11:22 of 2nd period - Icing by Brad Stuart.
11:23 of 2nd period - Vincent Lecavalier wins face-off versus Henrik Sedin in Blue Jackets zone.
11:30 of 2nd period - Wrist shot by Daniel Sedin.
11:30 of 2nd period - Stopped by Jaroslav Halak without a rebound.
11:31 of 2nd period - Vincent Lecavalier wins face-off versus Henrik Sedin in Blue Jackets zone.
11:46 of 2nd period - Snap shot by Glen Murray.
11:46 of 2nd period - Stopped by Pascal Leclaire with a rebound.
11:56 of 2nd period - Andrei Markov is hit by Kevin Bieksa and loses puck.
12:05 of 2nd period - Brad Stuart is hit by Henrik Sedin and loses puck.
13:15 of 2nd period - Penalty to Radim Vrbata is over, Radim Vrbata is back on ice.
13:31 of 2nd period - Brad Ference is hit by Derek Morris and loses puck.
13:54 of 2nd period - Wrist shot by Jason Ward.
13:54 of 2nd period - Stopped by Pascal Leclaire with a rebound.
14:04 of 2nd period - Snap shot by Milan Hejduk.
14:04 of 2nd period - Stopped by Jaroslav Halak with a rebound.
14:23 of 2nd period - Icing by David Hale.
14:24 of 2nd period - Milan Hejduk wins face-off versus Christian Hanson in Sharks zone.
15:09 of 2nd period - Slapshot by Drew Fata.
15:09 of 2nd period - Stopped by Pascal Leclaire with a rebound.
15:21 of 2nd period - Slapshot by Drew Fata.
15:21 of 2nd period - Stopped by Pascal Leclaire with a rebound.
16:21 of 2nd period - Snap shot by Kristian Huselius.
16:21 of 2nd period - Stopped by Pascal Leclaire without a rebound.
16:22 of 2nd period - Vincent Lecavalier wins face-off versus Henrik Sedin in Sharks zone.
16:27 of 2nd period - Slapshot by Vincent Lecavalier.
16:27 of 2nd period - Shot Blocked by Georges Laraque.
16:55 of 2nd period - Kristian Huselius is hit by Milan Hejduk and loses puck.
17:16 of 2nd period - Snap shot by Bates Battaglia.
17:16 of 2nd period - Stopped by Jaroslav Halak with a rebound.
19:15 of 2nd period - Minor Penalty to Daniel Sedin for High sticking.
19:16 of 2nd period - Henrik Sedin wins face-off versus Vincent Lecavalier in Sharks zone.
19:16 of 2nd period - Henrik Sedin is hit by Brad Stuart.
19:48 of 2nd period - Slapshot by Daymond Langkow.
19:48 of 2nd period - Stopped by Pascal Leclaire with a rebound.

3rd period


0:01 of 3rd period - Vincent Lecavalier wins face-off versus Henrik Sedin in neutral zone.
1:03 of 3rd period - Dan Girardi is hit by Glen Murray.
1:15 of 3rd period - Penalty to Daniel Sedin is over, Daniel Sedin is back on ice.
1:23 of 3rd period - Snap shot by Michael Frolik.
1:23 of 3rd period - Stopped by Pascal Leclaire with a rebound.
1:27 of 3rd period - Snap shot by Justin Williams.
1:27 of 3rd period - Shot Misses the Net.
1:29 of 3rd period - Wrist shot by Greg Campbell.
1:29 of 3rd period - Shot Misses the Net.
1:31 of 3rd period - Slapshot by Brad Stuart.
1:31 of 3rd period - Shot Hit the Post.
1:41 of 3rd period - Shaone Morrisonn is hit by Mike Fisher and loses puck.
2:03 of 3rd period - Wrist shot by Mikko Koivu.
2:03 of 3rd period - Stopped by Jaroslav Halak without a rebound.
2:04 of 3rd period - Mikko Koivu wins face-off versus Daymond Langkow in Blue Jackets zone.
2:07 of 3rd period - Snap shot by Milan Hejduk.
2:07 of 3rd period - Shot Misses the Net.
2:33 of 3rd period - Wrist shot by Vincent Lecavalier.
2:33 of 3rd period - Goal by Vincent Lecavalier - Sharks : 1 - Blue Jackets : 1.
2:34 of 3rd period - David Booth wins face-off versus Henrik Sedin in neutral zone.
3:14 of 3rd period - Dan Girardi is hit by Vincent Lecavalier and loses puck.
3:31 of 3rd period - Snap shot by Ales Kotalik.
3:31 of 3rd period - Stopped by Pascal Leclaire with a rebound.
4:31 of 3rd period - Wrist shot by Jason Ward.
4:31 of 3rd period - Stopped by Pascal Leclaire without a rebound.
4:32 of 3rd period - Daymond Langkow wins face-off versus Mikko Koivu in Sharks zone.
4:37 of 3rd period - Wrist shot by Daymond Langkow.
4:37 of 3rd period - Deflect By Kristian Huselius.
4:37 of 3rd period - Shot Blocked by Brad Ference.
4:37 of 3rd period - Puck is out of play.
4:38 of 3rd period - Henrik Sedin wins face-off versus Daymond Langkow in Sharks zone.
4:38 of 3rd period - Henrik Sedin is hit by Kristian Huselius.
4:44 of 3rd period - Snap shot by Henrik Sedin.
4:44 of 3rd period - Deflect By Kristian Huselius.
4:44 of 3rd period - Stopped by Jaroslav Halak without a rebound.
4:45 of 3rd period - Henrik Sedin wins face-off versus Vincent Lecavalier in Blue Jackets zone.
4:50 of 3rd period - Snap shot by Henrik Sedin.
4:50 of 3rd period - Shot Misses the Net.
4:56 of 3rd period - Dan Girardi is hit by Glen Murray and loses puck.
7:14 of 3rd period - Joni Pitkanen is hit by Michael Frolik and loses puck.
7:31 of 3rd period - Kevin Bieksa is hit by Andrei Markov and loses puck.
8:19 of 3rd period - Nick Boynton is hit by Dan Girardi and loses puck.
8:24 of 3rd period - Wrist shot by Henrik Sedin.
8:24 of 3rd period - Stopped by Jaroslav Halak without a rebound.
8:25 of 3rd period - Vincent Lecavalier wins face-off versus Mikko Koivu in Blue Jackets zone.
8:32 of 3rd period - Backhand shot by Derek Morris.
8:32 of 3rd period - Deflect By David Booth.
8:32 of 3rd period - Shot Misses the Net.
8:32 of 3rd period - Puck is out of play.
8:33 of 3rd period - Mikko Koivu wins face-off versus Vincent Lecavalier in Sharks zone.
8:41 of 3rd period - Minor Penalty to Derek Morris for Hooking.
8:41 of 3rd period - Minor Penalty to Brad Ference for Hooking.
8:42 of 3rd period - Henrik Sedin wins face-off versus Vincent Lecavalier in Blue Jackets zone.
8:47 of 3rd period - Wrist shot by Henrik Sedin.
8:47 of 3rd period - Shot Blocked by Kevin Bieksa.
8:49 of 3rd period - Backhand shot by Daniel Sedin.
8:49 of 3rd period - Shot Misses the Net.
8:53 of 3rd period - Slapshot by Joni Pitkanen.
8:53 of 3rd period - Stopped by Jaroslav Halak with a rebound.
8:55 of 3rd period - Snap shot by Daniel Sedin.
8:55 of 3rd period - Goal by Daniel Sedin - Sharks : 2 - Blue Jackets : 1.
8:56 of 3rd period - Vincent Lecavalier wins face-off versus Henrik Sedin in neutral zone.
9:03 of 3rd period - Slapshot by Vincent Lecavalier.
9:03 of 3rd period - Shot Misses the Net.
9:08 of 3rd period - Off-side.
9:09 of 3rd period - Vincent Lecavalier wins face-off versus Henrik Sedin in neutral zone.
9:18 of 3rd period - Snap shot by Glen Murray.
9:18 of 3rd period - Shot Misses the Net.
10:02 of 3rd period - Wrist shot by Daymond Langkow.
10:02 of 3rd period - Stopped by Pascal Leclaire without a rebound.
10:02 of 3rd period - Minor Penalty to Georges Laraque for Holding Stick.
10:03 of 3rd period - Henrik Sedin wins face-off versus Vincent Lecavalier in Sharks zone.
10:40 of 3rd period - Snap shot by David Booth.
10:40 of 3rd period - Deflect By Daymond Langkow.
10:40 of 3rd period - Stopped by Pascal Leclaire without a rebound.
10:41 of 3rd period - Penalty to Derek Morris is over, Derek Morris is back on ice.
10:41 of 3rd period - Penalty to Brad Ference is over, Brad Ference is back on ice.
10:41 of 3rd period - Daymond Langkow wins face-off versus Henrik Sedin in Sharks zone.
11:12 of 3rd period - Joni Pitkanen is hit by Drew Fata and loses puck.
12:02 of 3rd period - Penalty to Georges Laraque is over, Georges Laraque is back on ice.
12:23 of 3rd period - Snap shot by Justin Williams.
12:23 of 3rd period - Stopped by Pascal Leclaire with a rebound.
13:15 of 3rd period - Joni Pitkanen is hit by Justin Williams.
13:19 of 3rd period - Derek Morris is hit by Tomas Fleischmann and loses puck.
13:53 of 3rd period - Wrist shot by Mikko Koivu.
13:53 of 3rd period - Stopped by Jaroslav Halak with a rebound.
13:59 of 3rd period - Drew Fata is hit by Mikko Koivu and loses puck.
14:41 of 3rd period - Adam Mair is hit by Shaone Morrisonn and loses puck.
16:25 of 3rd period - Slapshot by Daymond Langkow.
16:25 of 3rd period - Shot Blocked by Mikko Koivu.
16:41 of 3rd period - Snap shot by Vincent Lecavalier.
16:41 of 3rd period - Goal by Vincent Lecavalier - Sharks : 2 - Blue Jackets : 2.
16:42 of 3rd period - Justin Williams wins face-off versus Mike Fisher in neutral zone.
16:44 of 3rd period - Minor Penalty to Mike Fisher for Slashing.
16:45 of 3rd period - Vincent Lecavalier wins face-off versus Henrik Sedin in Sharks zone.
16:56 of 3rd period - Slapshot by David Booth.
16:56 of 3rd period - Goal by David Booth - Sharks : 2 - Blue Jackets : 3.
16:57 of 3rd period - Mike Fisher wins face-off versus Greg Campbell in neutral zone.
17:10 of 3rd period - Wrist shot by Greg Campbell.
17:10 of 3rd period - Stopped by Pascal Leclaire without a rebound.
17:11 of 3rd period - Mike Fisher wins face-off versus Greg Campbell in Sharks zone.
17:20 of 3rd period - Wrist shot by Radim Vrbata.
17:20 of 3rd period - Deflect By Tomas Fleischmann.
17:20 of 3rd period - Shot Misses the Net.
17:20 of 3rd period - Puck is out of play.
17:21 of 3rd period - Mike Fisher wins face-off versus Greg Campbell in Blue Jackets zone.
18:16 of 3rd period - Wrist shot by Mike Fisher.
18:16 of 3rd period - Shot Blocked by Michael Frolik.
18:18 of 3rd period - Wrist shot by Radim Vrbata.
18:18 of 3rd period - Shot Misses the Net.
18:20 of 3rd period - Wrist shot by Mike Fisher.
18:20 of 3rd period - Shot Blocked by Kevin Bieksa.
18:22 of 3rd period - Snap shot by Radim Vrbata.
18:22 of 3rd period - Stopped by Jaroslav Halak with a rebound.
18:26 of 3rd period - Snap shot by Mike Fisher.
18:26 of 3rd period - Stopped by Jaroslav Halak without a rebound.
18:27 of 3rd period - Henrik Sedin wins face-off versus Vincent Lecavalier in Blue Jackets zone.
18:51 of 3rd period - Minor Penalty to Glen Murray for Tripping.
18:52 of 3rd period - Henrik Sedin wins face-off versus Vincent Lecavalier in Blue Jackets zone.
19:01 of 3rd period - Sharks, Pascal Leclaire is pulled from the net.
19:01 of 3rd period - Wrist shot by Georges Laraque.
19:01 of 3rd period - Shot Misses the Net.
19:19 of 3rd period - Slapshot by Mikko Koivu.
19:19 of 3rd period - Shot Misses the Net.
19:21 of 3rd period - Slapshot by Mike Komisarek.
19:21 of 3rd period - Deflect By Vincent Lecavalier.
19:21 of 3rd period - Goal by Mike Komisarek - Sharks : 3 - Blue Jackets : 3.
19:21 of 3rd period - Pascal Leclaire from Sharks was sent back in the game.
19:22 of 3rd period - Greg Campbell wins face-off versus Mike Fisher in neutral zone.
19:36 of 3rd period - Off-side.
19:37 of 3rd period - Mikko Koivu wins face-off versus Daymond Langkow in neutral zone.
19:40 of 3rd period - Slapshot by Joni Pitkanen.
19:40 of 3rd period - Shot Blocked by Derek Morris.
19:44 of 3rd period - Wrist shot by Mikko Koivu.
19:44 of 3rd period - Deflect By Milan Hejduk.
19:44 of 3rd period - Stopped by Jaroslav Halak without a rebound.
19:45 of 3rd period - Mikko Koivu wins face-off versus Daymond Langkow in Blue Jackets zone.

Overtime #1


0:01 of 1st overtime period - Henrik Sedin wins face-off versus Vincent Lecavalier in neutral zone.
0:16 of 1st overtime period - Snap shot by Daniel Sedin.
0:16 of 1st overtime period - Stopped by Jaroslav Halak without a rebound.
0:17 of 1st overtime period - Vincent Lecavalier wins face-off versus Daniel Sedin in Blue Jackets zone.
0:17 of 1st overtime period - Vincent Lecavalier is hit by Daniel Sedin.
1:45 of 1st overtime period - Radim Vrbata is hit by Derek Morris and loses puck.
2:44 of 1st overtime period - Drew Fata is hit by Georges Laraque and loses puck.
4:04 of 1st overtime period - Slapshot by Mike Komisarek.
4:04 of 1st overtime period - Stopped by Jaroslav Halak with a rebound.

ShootOut


5:00 of 1st overtime period - Penalty Shot by Henrik Sedin for Sharks.
5:00 of 1st overtime period - Backhand shot by Henrik Sedin.
5:00 of 1st overtime period - Goal by Henrik Sedin.
5:00 of 1st overtime period - Penalty Shot by Vincent Lecavalier for Blue Jackets.
5:00 of 1st overtime period - Snap shot by Vincent Lecavalier.
5:00 of 1st overtime period - Goal by Vincent Lecavalier.
5:00 of 1st overtime period - Penalty Shot by Daniel Sedin for Sharks.
5:00 of 1st overtime period - Snap shot by Daniel Sedin.
5:00 of 1st overtime period - Stopped by Jaroslav Halak.
5:00 of 1st overtime period - Penalty Shot by Glen Murray for Blue Jackets.
5:00 of 1st overtime period - Snap shot by Glen Murray.
5:00 of 1st overtime period - Stopped by Pascal Leclaire.
5:00 of 1st overtime period - Penalty Shot by Georges Laraque for Sharks.
5:00 of 1st overtime period - Snap shot by Georges Laraque.
5:00 of 1st overtime period - Goal by Georges Laraque.
5:00 of 1st overtime period - Penalty Shot by David Booth for Blue Jackets.
5:00 of 1st overtime period - Deke by David Booth.
5:00 of 1st overtime period - Goal by David Booth.
5:00 of 1st overtime period - Penalty Shot by Milan Hejduk for Sharks.
5:00 of 1st overtime period - Snap shot by Milan Hejduk.
5:00 of 1st overtime period - Stopped by Jaroslav Halak.
5:00 of 1st overtime period - Penalty Shot by Daymond Langkow for Blue Jackets.
5:00 of 1st overtime period - Backhand shot by Daymond Langkow.
5:00 of 1st overtime period - Shot Misses the Net.
5:00 of 1st overtime period - Penalty Shot by Mikko Koivu for Sharks.
5:00 of 1st overtime period - Deke by Mikko Koivu.
5:00 of 1st overtime period - Shot Hit the Post.
5:00 of 1st overtime period - Penalty Shot by Michael Frolik for Blue Jackets.
5:00 of 1st overtime period - Deke by Michael Frolik.
5:00 of 1st overtime period - Stopped by Pascal Leclaire.
5:00 of 1st overtime period - Penalty Shot by Ryan Malone for Sharks.
5:00 of 1st overtime period - Deke by Ryan Malone.
5:00 of 1st overtime period - Goal by Ryan Malone.
5:00 of 1st overtime period - Penalty Shot by Kristian Huselius for Blue Jackets.
5:00 of 1st overtime period - Deke by Kristian Huselius.
5:00 of 1st overtime period - Stopped by Pascal Leclaire.


Output by the SimonT Hockey Simulator (STHS) for François Prévost -- Original Page W3C XHTML 1.0 Valid
Hockey Simulator - Hockey Simulation - Hockey Manager